 Dungeon Crawl Stone Soup version 0.25.0-9-g26727b657a (webtiles) character file.

Game seed: 18123751957088169098

204 raph the Cutter (level 6, 0/42 HPs)
             Began as a Halfling Berserker on June 16, 2020.
             Was a Believer of Trog.
             Succumbed to a worker ant's poison
             ... on level 3 of the Dungeon.
             The game lasted 00:05:42 (3346 turns).

raph the Cutter (Halfling Berserker)                Turns: 3346, Time: 00:05:42

Health: 0/42       AC:  9    Str: 18    XL:     6   Next: 9%
Magic:  6/6        EV: 14    Int:  5    God:    Trog [**....]
Gold:   57         SH:  0    Dex: 16    Spells: 5/5 levels left

rFire    + . .     SeeInvis .   a - +0 short sword
rCold    . . .     Gourm    .   (shield restricted)
rNeg     . . .     Faith    .   k - +1 scale mail {rF+}
rPois    .         Spirit   .   d - +2 hat
rElec    .         Reflect  .   g - scarf {harm}
rCorr    .         Harm     .   (no gloves)
MR       .....                  (no boots)
Stlth    ..........             (no amulet)
HPRegen  0.14/turn              (no ring)
MPRegen  0.10/turn              (no ring)

@: lethally poisoned (0 -> -3), berserk cooldown, hasted and slowed
A: small, mutation resistance 1
a: Berserk, Trog's Hand, Renounce Religion


You were on level 3 of the Dungeon.
You worshipped Trog.
Trog was pleased with you.
You were very hungry.

You visited 1 branch of the dungeon, and saw 3 of its levels.

You collected 57 gold pieces.

Inventory:

Hand Weapons
 a - a +0 short sword (weapon)
Missiles
 e - 79 stones
 f - 7 poisoned darts
 o - 7 boomerangs
 q - 2 curare-tipped darts (quivered)
Armour
 b - a +0 animal skin
 d - a +2 hat (worn)
 g - a scarf of harm (worn)
 i - a +0 ring mail
 k - a +1 scale mail of fire resistance (worn)
Wands
 u - a wand of random effects (24)
Scrolls
 h - 2 scrolls of identify
 m - a scroll of remove curse {unknown}
 r - 2 scrolls of immolation {unknown}
 t - a scroll of magic mapping {unknown}
 v - a scroll of fear {unknown}
 x - a scroll of teleportation {unknown}
Potions
 j - a potion of mutation
 n - 2 potions of curing {unknown}
 p - a potion of brilliance {unknown}
 s - a potion of lignification {unknown}
Comestibles
 c - 5 rations
 w - a chunk of flesh


   Skills:
 + Level 3.5 Fighting
 * Level 5.6 Short Blades
 + Level 3.3 Armour
 + Level 3.4 Dodging


You had 5 spell levels left.
You didn't know any spells.
Your spell library was empty.

Dungeon Overview and Level Annotations

Branches:
Dungeon (3/15)

Altars:
Vehumet


Innate Abilities, Weirdness & Mutations

You are small and have problems with some larger weapons.
You are somewhat resistant to further mutation.


Message History

The worker ant bites you but does no damage.
You puncture the worker ant!
You kill the worker ant!
Trog accepts your kill.
You have reached level 6!
Your experience leads to an increase in your attributes!
Increase (S)trength, (I)ntelligence, or (D)exterity?
You feel agile.
* * * LOW HITPOINT WARNING * * *
You feel sick.
There is a lethal amount of poison in your body!
You are too berserk!
You feel a strong urge to attack something.
* * * LOW HITPOINT WARNING * * *
You feel sick.
You feel your anger nearly subside.
You are no longer berserk.
You are exhausted.
You feel yourself slow down.
It was a potion of haste.
You feel yourself speed up.
You die...

.###........#.............
### #
........#.#.............
..#
.........#.##.......#####
..# .........#.##.......#
..# ...#.#..##.#....÷...#
..# ..#.#..............#
..# ...................#
..# #...#..#...#.........#
..# #.#.#.###@###÷..######
..# #.#....#...#....# ###
#.##....._......#
#.##...#...#....##
########.##..###.###....#
..##.....##...#...#.....#
..##....................#
..##.....###>.......#####
..##.....# ####.....#


There were no monsters in sight!

Vanquished Creatures
  A worker ant (D:3)
  Terence (D:2)
  Robin (D:3)
  3 adders
  4 gnolls (D:2)
  An ooze (D:1)
  3 dart slugs
  4 giant cockroaches
  9 goblins
  17 hobgoblins
  2 quokkas
  A ball python (D:3)
  6 bats
  5 frilled lizards
  8 kobolds
  8 rats
  2 plants (D:1)
76 creatures vanquished.

Notes
Turn   | Place    | Note
-------+----------+-------------------------------------------
     0 | D:1      | raph the Halfling Berserker began the quest for the Orb.
     0 | D:1      | Reached XP level 1. HP: 15/15 MP: 1/1
    89 | D:1      | Reached XP level 2. HP: 11/20 MP: 2/2
   388 | D:1      | Reached skill level 4 in Short Blades
   778 | D:1      | Reached XP level 3. HP: 25/25 MP: 3/3
  1640 | D:2      | Reached XP level 4. HP: 31/31 MP: 4/4
  1714 | D:2      | Reached ** piety under Trog
  1962 | D:2      | Noticed Terence
  1967 | D:2      | Killed Terence
  1967 | D:2      | Reached skill level 5 in Short Blades
  1967 | D:2      | Reached XP level 5. HP: 36/36 MP: 5/5
  2696 | D:3      | Noticed Robin
  2715 | D:3      | Killed Robin
  3243 | D:3      | Found a radiant altar of Vehumet.
  3338 | D:3      | HP: 1/36 [poisoned by a worker ant]
  3340 | D:3      | Reached XP level 6. HP: 2/42 MP: 6/6
  3343 | D:3      | HP: 1/63 [poisoned by a worker ant]
  3346 | D:3      | Succumbed to a worker ant's poison

Illustrated notes

Levels and vault maps discovered:
D:1:      onia_arrival_mini_maze_b, layout_loops_cross, minmay_door_square,
          minmay_misc_feat_pillars
D:2:      layout_basic, uniq_terence
D:3:      layout_basic, vehumet_crystals, first_ration, glass_columns_a,
          chequers_jeans, uniq_robin

Skill      XL: |  1  2  3  4 |
---------------+-------------+-----
Short Blades   | 4 5 |  5.6
Fighting       | 3 |  3.5
Armour         | 3 |  3.3
Dodging        | 3 |  3.4

Action                   |  1- 3 |  4- 6 || total
-------------------------+-------+-------++-------
Melee: Short sword       |   203 |   163 ||   366
Invok: Berserk           |     2 |     4 ||     6
       Trog's Hand       |       |     2 ||     2
  Use: Scroll            |     2 |       ||     2
       Potion            |       |     1 ||     1
  Eat: Chunk             |     4 |     9 ||    13
Armor: Animal skin       |    17 |       ||    17
       Ring mail         |    11 |    13 ||    24
       Scale mail        |       |    60 ||    60
Dodge: Dodged            |    97 |   138 ||   235
